 Dungeon Crawl Stone Soup version 0.20.1-1-g8b1a95d (webtiles) character file.

49 mitko27 the Grave Robber (level 3, -3/24 HPs)
             Began as a Demonspawn Necromancer on Nov 7, 2017.
             Slain by Sigmund
             ... wielding a +1 scythe of pain
              (8 damage)
             ... on level 2 of the Dungeon.
             The game lasted 00:31:47 (1705 turns).

mitko27 the Grave Robber (Demonspawn Necromancer)   Turns: 1705, Time: 00:31:48

Health: -3/24      AC:  3    Str:  8    XL:     3   Next: 51%
Magic:  6/7        EV: 12    Int: 17    God:
Gold:   87         SH:  0    Dex: 13    Spells: 5/7 levels left

rFire    . . .     SeeInvis .   c - +2 hand axe (flame)
rCold    . . .     Gourm    .   (no shield)
rNeg     . . .     Faith    .   a - +1 robe
rPois    .         Spirit   .   (no helmet)
rElec    .         Reflect  .   (no cloak)
rCorr    .         Harm     .   (no gloves)
MR       .....                  (no boots)
Stlth    ++........             t - amulet of magic regeneration
Regen    0.1/turn               (no ring)
MPRegen  0.2/turn               (no ring)

@: no status effects
A: fangs 1, hooves 1, powered by death 1
a: no special abilities


You were on level 2 of the Dungeon.
You were not hungry.

You visited 1 branch of the dungeon, and saw 3 of its levels.

You collected 87 gold pieces.

Inventory:

Hand Weapons
 c - a +2 hand axe of flaming (weapon)
Missiles
 e - 56 arrows
 g - 51 stones (quivered)
 m - 9 poisoned needles
Armour
 a - a +1 robe (worn)
Jewellery
 t - an amulet of magic regeneration (around neck)
Wands
 v - a wand of random effects (20/48)
Scrolls
 d - 3 scrolls of identify
 j - a scroll of remove curse
Potions
 s - a potion of magic
 u - a potion of resistance
Books
 b - a book of Necromancy

   Spells                             Type                      Level
   a - Pain                           Necromancy                   1
   b - Animate Skeleton               Necromancy                   1
   c - Vampiric Draining              Necromancy                   3
   d - Regeneration                   Charms/Necromancy            3
   e - Animate Dead                   Necromancy                   4
   f - Control Undead                 Necromancy                   4
Comestibles
 f - a royal jelly
 o - a meat ration


   Skills:
   Level 0.5 Maces & Flails
 + Level 1.7 Dodging
 * Level 2.0 Stealth
 + Level 2.6 Spellcasting
 + Level 5.1 Necromancy


You had 5 spell levels left.
You knew the following spells:

 Your Spells              Type           Power        Failure   Level  Hunger
a - Pain                  Necr           ###.         2%          1    #......
b - Animate Skeleton      Necr           N/A          2%          1    #......


Dungeon Overview and Level Annotations

Branches:
Dungeon (3/15)

Altars:

Annotations:
D:2 Sigmund


Innate Abilities, Weirdness & Mutations

You regenerate a little health from kills.
You have very sharp teeth.
You have large cloven feet.


Message History

Confirm with . or Enter, or press ? or * to list all spells.
You can't see any susceptible monsters within range! (Use Z to cast anyway.)
Casting: Pain
Confirm with . or Enter, or press ? or * to list all spells.
You don't know that spell.
You miss something. You bite something. Something barely misses you.
Casting: Pain
Confirm with . or Enter, or press ? or * to list all spells.
Aiming: Pain
Press: ? - help, Shift-Dir - straight line Nothing appears to happen.
You miss something. You bite something. Something hits you.
You hit something but do no damage. Something hits you but does no damage.
You miss something. Something hits you.
You writhe in agony.
You slash something! You burn something. Something barely misses you.
You hit something but do no damage. Something hits you!
* * * LOW HITPOINT WARNING * * *
You closely miss something. You kick something. Your bite misses something.
You closely miss something. Something hits you!
You die...

#..#.#.....# #.#
#..#.#.....# #.#
#..#.......# #.#
#..###.....# #.#
#..###.....# #.#
##......##### ##.#
..)###### #..#
#### #.## # #@#
######*********#{#
.....#*,,,,,,,*#.#
####.#*,*****,*#.#
*,**,**,,,,,..#
*_,,,,,,**,*###
****,*****,*
*,*****,*
*,,,,,,,*


There were no monsters in sight!

Vanquished Creatures
  A leopard gecko (D:2)
  2 ball pythons (D:2)
  4 bats
  2 goblins (D:1)
  8 hobgoblins
  2 jackals (D:1)
  4 kobolds
  5 frilled lizards
  A rat (D:1)
29 creatures vanquished.

Vanquished Creatures (collateral kills)
  2 adders (D:2)
2 creatures vanquished.

Grand Total: 31 creatures vanquished

Notes
Turn   | Place    | Note
-------+----------+-------------------------------------------
     0 | D:1      | mitko27 the Demonspawn Necromancer began the quest for the Orb.
     0 | D:1      | Reached XP level 1. HP: 13/13 MP: 3/3
   295 | D:3      | Noticed an orc wizard
   299 | D:3      | Noticed an orc priest
   371 | D:1      | Gained mutation: You regenerate a little health from kills. [demonic ancestry]
   371 | D:1      | Reached XP level 2. HP: 15/19 MP: 3/5
   412 | D:1      | Learned a level 1 spell: Animate Skeleton
   523 | D:1      | Reached skill level 5 in Necromancy
  1221 | D:2      | Reached XP level 3. HP: 7/24 MP: 1/6
  1285 | D:2      | HP: 1/24 [poisoned by an adder]
  1298 | D:2      | HP: 1/24 [adder (1)]
  1299 | D:2      | Gained mutation: You have very sharp teeth. [potion of mutation]
  1299 | D:2      | Gained mutation: You have large cloven feet. [potion of mutation]
  1689 | D:2      | Noticed Sigmund
  1705 | D:2      | Slain by Sigmund

Skill      XL: |  1  2  3 |
---------------+----------+-----
Necromancy     | 5 |  5.1
Stealth        | 2 |  2.0
Maces & Flails | |  0.5
Dodging        | |  1.7
Spellcasting   | |  2.6

Action                   || total
-------------------------++-------
Melee: Unarmed           ||    33
       Flail             ||    26
       Hand axe          ||     9
       Bite              ||     2
       Kick              ||     1
 Cast: Pain              ||    57
       Animate Skeleton  ||    10
  Use: Potion            ||     9
       Scroll            ||     7
  Eat: Chunk             ||     2
       Bread ration      ||     1
Armor: Robe              ||    15
Dodge: Dodged            ||    66
